 Dungeon Crawl Stone Soup version 0.31-a0-233-g139696dc86 (webtiles) character file.

Game seed: 1091266896562357246

203 Nietzsche the Cudgeller (level 5, -3/58 HPs)
             Began as a Demonspawn Gladiator on July 10, 2023.
             Slain by an iguana (7 damage)
             ... on level 4 of the Dungeon.
             The game lasted 00:06:22 (2539 turns).

Nietzsche the Cudgeller (Demonspawn Gladiator)      Turns: 2539, Time: 00:06:23

Health: -3/58      AC: 22    Str: 20    XL:     5   Next: 51%
Magic:  7/7        EV:  2    Int: 11    God:
Gold:   158        SH:  0    Dex: 15    Spells: 7/7 levels left

rFire   . . .        a - +0 flail
rCold   . . .        (no shield)
rNeg    . . .        r - melded +1 leather armour of the Quick Jabberwock {Rampage}
rPois   +            c - melded +0 helmet
rElec   .            (cloak currently unavailable)
rCorr   .            (gloves currently unavailable)
SInv    +            q - melded +1 pair of boots
Will    .....        i - amulet of magic regeneration
Stlth   ++           f - +6 ring of strength
HPRegen 0.29/turn    t - ring of see invisible
MPRegen 0.50/turn

%: no passive effects
@: tree-form
A: stationary, stasis, torment immunity, boosted hp, (hooves 1), powered by
death 1, (sturdy frame 1), demonic magic 1
a: no special abilities


You were on level 4 of the Dungeon.
You were a tree.
You visited 1 branch of the dungeon, and saw 4 of its levels.

You collected 158 gold pieces.

Inventory:

Hand Weapons
 a - a +0 flail (weapon)
 g - a +0 halberd
 j - the +4 war axe "Ohuwusid" {heavy, Will+ SInv Stlth+}
   (You found it on level 3 of the Dungeon)

   SInv:      It lets you see invisible.
   Will:      It increases your willpower.
   Stlth:     It makes you more stealthy.
Missiles
 d - 3 throwing nets (quivered)
 e - a javelin
Armour
 b - a +0 leather armour
 c - a +0 helmet (melded)
 q - a +1 pair of boots (melded)
 r - the +1 leather armour of the Quick Jabberwock (melded) {Rampage}
   (You found it on level 2 of the Dungeon)

   Rampage:   It bestows one free step when moving towards enemies.
Jewellery
 f - a +6 ring of strength (left branch)
 i - an amulet of magic regeneration (around neck)
 m - a ring of poison resistance
 p - a ring of poison resistance
 t - a ring of see invisible (right branch)
Scrolls
 h - a scroll of vulnerability
 n - a scroll of fog
 v - a scroll of poison {unknown}
 w - 3 scrolls of identify
Potions
 k - a potion of cancellation
 o - a potion of attraction
 s - a potion of degeneration {unknown}
 u - a potion of magic {unknown}


   Skills:
 + Level 2.5 Fighting
 + Level 4.1 Maces & Flails
 - Level 1.7 Throwing
 + Level 1.8 Armour
 + Level 3.1 Dodging
 + Level 0.4 Stealth
 * Level 1.9 Spellcasting


You had 7 spell levels left.
You didn't know any spells.
Your spell library was empty.

Dungeon Overview and Level Annotations

Branches:
Dungeon (4/15)
 Temple: D:4-7

Altars:
Uskayaw


Innate Abilities, Weirdness & Mutations

You are a tree.
Your roots penetrate the ground, keeping you stationary.
You cannot be teleported.
You are immune to unholy pain and torment.
Your maximum health is greatly increased.
Your equipment is partially melded.
((You have large cloven feet.))
You regenerate a little health from kills.
((Your movements are slightly less encumbered by armour. (ER -2)))
Spells you cast may paralyse adjacent enemies.


Message History

The scorpion stings you but does no damage.
The iguana attacks as you move away!
The iguana bites you but does no damage.
You feel sick.
You feel sick. The iguana attacks as you move away! The iguana bites you.
* * * LOW HITPOINT WARNING * * *
x2 You feel sick.
It was a potion of cancellation.
You feel magically purged.
You feel sick. The iguana closely misses you.
You barely miss the iguana.
* * * LOW HITPOINT WARNING * * *
You feel sick. The iguana closely misses you. The iguana bites you.
* * * LOW HITPOINT WARNING * * *
Really quaff the potion of lignification?
Uppercase [Y]es or [N]o only, please.
Really quaff the potion of lignification?
You turn into a tree.
Your +0 helmet melds into your body.
Your +1 pair of boots melds into your body.
The +1 leather armour of the Quick Jabberwock {Rampage} melds into your body.
Your roots penetrate the ground.
You feel sick. The iguana completely misses you.
You hit the iguana but do no damage.
You feel sick.
The iguana bites you but does no damage.
You thump the iguana!
The iguana is almost dead.
You feel sick.
You are no longer poisoned.
The iguana bites you but does no damage.
You hit the iguana.
The iguana is almost dead.
The iguana bites you but does no damage.
You closely miss the iguana.
The iguana is almost dead.
The iguana bites you but does no damage.
You hit the iguana but do no damage.
The iguana is almost dead.
The iguana bites you but does no damage.
The iguana bites you!
You die...

###.............##.
###..####...............#
....## ###.............#
###.## #...............
#..# #...# #......... #..#
#..## #........# ##.###
#..## #.........
#...#####...###.......#
#......#...sl♣........#
###..........###........##
#..........### #.........#
#...####....## ##.######..
..## #..##..## ##.# ..
#..###..###..# . ...##
##..#...# .... ##.....#
###.# #.####..#


You could see a scorpion and an iguana.

Vanquished Creatures
  An ogre (D:4)
  A gnoll bouda (D:3)
  3 gnolls (D:3)
  2 ufetubi
  A worm (D:2)
  A dart slug (D:2)
  5 ball pythons
  3 endoplasms
  5 giant cockroaches
  3 goblins
  4 hobgoblins (D:1)
  4 kobolds
  6 bats
  2 frilled lizards (D:3)
  9 rats
50 creatures vanquished.

Notes
Turn   | Place    | Note
-------+----------+-------------------------------------------
     0 | D:1      | Nietzsche the Demonspawn Gladiator began the quest for the
                  | Orb.
     0 | D:1      | Reached XP level 1. HP: 16/16 MP: 1/1
   202 | D:1      | Gained mutation: Spells you cast may paralyse adjacent
                  | enemies. [demonic ancestry]
   202 | D:1      | Reached XP level 2. HP: 22/22 MP: 1/3
   256 | D:1      | Reached skill level 1 in Spellcasting
   334 | D:1      | Reached skill level 3 in Maces & Flails
   712 | D:2      | Gained mutation: You regenerate a little health from kills.
                  | [demonic ancestry]
   712 | D:2      | Reached XP level 3. HP: 27/27 MP: 4/4
  1396 | D:2      | Identified the +1 leather armour of the Quick Jabberwock
                  | {Rampage}
  1741 | D:3      | Found a hide-covered altar of Uskayaw.
  1773 | D:3      | HP: 1/27 [gnoll/+0 halberd[a gnoll bouda] (8)]
  1785 | D:3      | Reached skill level 1 in Armour
  1785 | D:3      | Gained mutation: You have large cloven feet. [demonic
                  | ancestry]
  1785 | D:3      | Reached XP level 4. HP: 30/33 MP: 4/6
  1934 | D:3      | Identified the +4 war axe "Ohuwusid" {heavy, Will+ SInv
                  | Stlth+}
  2321 | D:4      | Noticed an ogre
  2330 | D:4      | Killed an ogre
  2331 | D:4      | Reached skill level 4 in Maces & Flails
  2331 | D:4      | Gained mutation: Your movements are slightly less
                  | encumbered by armour. (ER -2) [demonic ancestry]
  2331 | D:4      | Reached XP level 5. HP: 16/39 MP: 7/7
  2539 | D:4      | Slain by an iguana

Illustrated notes

Levels and vault maps discovered:
D:1:      minmay_arrival_wavy_path, layout_rooms, serial_curves, eino_curves_03,
          eino_curves_04
D:2:      layout_basic, basic_altar, bh_walls_and_bars
D:3:      layout_basic, nicolae_uskayaw_dance_hall, lemuel_doored_altar
D:4:      layout_layer_cave, serial_shops, nicolae_shop_just_a_little_nook,
          nicolae_shop_competitors_out_of_business, small_statue_intersection

Skill      XL: |  1  2  3  4 |
---------------+-------------+-----
Spellcasting   | 1 |  1.9
Maces & Flails | 3 4 |  4.1
Armour         | 1 |  1.8
Dodging        | 3 |  3.1
Fighting       | |  2.5
Throwing       | |  1.7
Stealth        | |  0.4

Action                     |  1- 3 |  4- 6 || total
---------------------------+-------+-------++-------
  Melee: Flail             |   113 |    41 ||   154
         Punch             |     1 |       ||     1
    Use: Potion            |     3 |     2 ||     5
         Scroll            |       |     6 ||     6
   Stab: Sleeping          |     1 |       ||     1
 Armour: Leather armour    |    39 |    12 ||    51
         Skin              |       |     5 ||     5
  Dodge: Dodged            |   100 |    26 ||   126

Table legend: (Time is in decaauts)
 A = Elapsed time spent in this place.
 B = Non-inter-level travel time spent in this place.
 C = Inter-level travel time spent in this place.
 D = Time resting spent in this place.
 E = Time spent auto-exploring this place.
 F = Levels seen in this place.
 G = Mean time per level.
                   A        B        C        D        E       F      G
               +--------+--------+--------+--------+--------+-----+--------+
         Total |   2556 |   2402 |    154 |      0 |   1935 |   4 |  639.0 |
       Dungeon |   2556 |   2402 |    154 |      0 |   1935 |   4 |  639.0 |
               +--------+--------+--------+--------+--------+-----+--------+

Top non-repeatable levels by time:
     D:2: 934 daAuts
     D:1: 716 daAuts
     D:3: 629 daAuts
     D:4: 275 daAuts
